[Event "USA-ch Girls 2017"]
[Site "Saint Louis"]
[Date "2017.07.08"]
[Round "1"]
[White "Nguyen, Emily"]
[Black "Eswaran, Ashritha"]
[Result "1-0"]
[ECO "A62"]
[WhiteElo "2048"]
[BlackElo "2086"]
[Annotator "NA RC"]
[PlyCount "83"]
[EventDate "2017.??.??"]
[EventType "tourn"]
[EventCountry "USA"]
[SourceTitle "playchess.com"]
[Source "ChessBase"]
[SourceQuality "1"]
[TimeControl "40/5400+30:1800+30"]

1. d4 Nf6 2. c4 e6 3. Nf3 c5 4. d5 exd5 5. cxd5 d6 6. g3 g6 7. Nc3 Bg7 8. Bg2 O-O 9. O-O Na6 10. Bf4 Nc7 {[%emt 0:01:18] A62: Modern Benoni: Fianchetto Variation without early ...Nbd7} 11. e4 (11. a4 Re8 12. Re1 Ne4 13. Nxe4 Rxe4 14. Nd2 Rxf4 15. gxf4 Bxb2 16. Rb1 Bg7 17. Qb3 b6 18. e4 Bh6 19. Qg3 {1-0 (36) Rozum,I (2601)-Martirosyan,H (2529) Moscow 2017}) 11... Bg4 12. h3 Bxf3 13. Bxf3 Nfe8 14. Qb3 $146 ({Predecessor:} 14. a4 b6 15. Qd2 a6 16. Rfd1 Rb8 17. Rab1 b5 18. b4 cxb4 19. Rxb4 {½-½ (30) Chan,K (2152)-Szabo,B (2378) Caleta 2017}) 14... Qf6 ({Black should try} 14... Rb8 $14) 15. Qxb7 g5 16. e5 $1 dxe5 {[%emt 0:11:17] [#]} 17. d6 $1 Qxd6 (17... Nxd6 $16 18. Qxc7 gxf4) 18. Bxg5 f5 (18... Kh8 {keeps fighting.} 19. Bc6 f6) 19. Qb3+ Kh8 20. Bxa8 Nxa8 21. Qd5 Qg6 22. Be7 Nac7 23. Qxc5 Rg8 24. Rad1 f4 25. Bh4 Qe6 26. Kh2 Bf8 27. Qa5 Rg6 28. Ne4 Qf5 29. Qa4 Rb6 30. Qc2 Rh6 31. Qd3 Rg6 32. g4 Qe6 33. Qd7 Qxa2 34. Bd8 Rg7 35. Qf5 Rf7 36. Qxe5+ Bg7 37. Qh5 Bxb2 38. Bxc7 Qc4 39. Be5+ Kg8 40. Qg5+ Kf8 41. Bxb2 Qb4 42. Bd4 1-0

[Event "USA-ch Girls 2017"]
[Site "Saint Louis"]
[Date "2017.07.08"]
[Round "1"]
[White "Cervantes Landeiro, Thalia"]
[Black "Bykovtsev, Agata"]
[Result "0-1"]
[ECO "E77"]
[WhiteElo "2032"]
[BlackElo "2045"]
[Annotator "NA RC"]
[PlyCount "88"]
[EventDate "2017.??.??"]
[EventType "tourn"]
[EventCountry "USA"]
[SourceTitle "playchess.com"]
[Source "ChessBase"]
[SourceQuality "1"]
[TimeControl "40/5400+30:1800+30"]

1. d4 Nf6 2. c4 g6 3. Nc3 Bg7 4. e4 d6 5. f4 O-O 6. Nf3 c5 7. d5 e6 8. dxe6 fxe6 9. Bd3 Nc6 10. O-O Nd4 11. Ng5 e5 {[%emt 0:01:58] E76: King's Indian: Four Pawns Attack: Lines specific to 6 Nf3 move-order} 12. f5 h6 13. Nh3 gxf5 14. exf5 b5 15. Nxb5 (15. b3 Bb7 16. Nf2 e4 17. Nfxe4 Nxe4 18. Bxe4 Bxe4 19. Nxe4 {1-0 (28) Komljenovic,D (2457)-Roa Alonso,S (2439) Jaen 2011}) 15... Nxb5 16. cxb5 d5 17. a4 c4 18. Bb1 Qb6+ $146 (18... Kh8 $16 {was worth a try.}) ({Predecessor:} 18... d4 19. Ba2 {1-0 (27) Carnstam,T-Werner ICCF corr 1985}) 19. Kh1 a6 {[%emt 0:23:38] [#]} 20. Ra3 $1 Bb7 ({Much worse is} 20... axb5 $6 21. Rg3 $14) (20... h5 $142) 21. Rg3 Kf7 22. Rg6 Rh8 23. Nf2 Qd4 24. Qe2 e4 25. Ng4 Nxg4 26. Qxg4 Bf6 27. Qg3 Qe5 {[%emt 0:02:16] [#]} 28. Qh3 (28. Rxf6+ $1 $18 Qxf6 29. Qc7+ Qe7 30. Qb6) 28... axb5 29. Qh5 ({Stronger than} 29. Rxh6 Rag8 $15) ({Weaker is} 29. axb5 h5 $16) 29... Ke7 30. Be3 ({Stronger than} 30. axb5 Ra1 $14) 30... bxa4 $2 {[%emt 0:02:38] [#]} (30... Rag8 $16 {was worth a try.}) 31. Rd1 $1 Raf8 $2 ({Much weaker is} 31... Qxb2 {[#]} 32. Bxe4 $1 a3 33. Bc5+ Kd7 34. Bxd5) (31... Rag8 32. Bd4 Qxd4 33. Rxd4 Rxg6) 32. Bc5+ $2 ({Only move:} 32. Bd4 $18 Qxd4 33. Rxd4 Bxd4 34. Qd1) 32... Kd7 33. Bxf8 (33. Bd4 $16 Qe8 34. Bxf6 Rxf6 35. Bxe4 Rxg6 36. fxg6 Qxe4 37. g7) 33... Rxf8 34. Qxh6 $2 (34. Rxh6 $11 Kc8 35. Bc2) 34... Rh8 35. Rxf6 Rxh6 36. Rxh6 Qxf5 37. Kg1 Qe5 38. Bc2 Bc6 39. Rf1 Qd4+ 40. Kh1 Qxb2 41. Bd1 Kc7 42. h4 a3 43. Kh2 Qe5+ 44. Kh3 Qg7 $19 0-1

[Event "USA-ch Girls 2017"]
[Site "Saint Louis"]
[Date "2017.07.09"]
[Round "2"]
[White "Eswaran, Ashritha"]
[Black "Wang, Annie"]
[Result "0-1"]
[ECO "C94"]
[WhiteElo "2086"]
[BlackElo "2023"]
[Annotator "NA RC"]
[PlyCount "122"]
[EventDate "2017.??.??"]
[EventType "tourn"]
[EventCountry "USA"]
[SourceTitle "playchess.com"]
[Source "ChessBase"]
[SourceQuality "1"]
[TimeControl "40/5400+30:1800+30"]

1. e4 e5 2. Nf3 Nc6 3. Bb5 a6 4. Ba4 Nf6 5. O-O Be7 6. Re1 b5 7. Bb3 d6 8. c3 O-O 9. h3 Nb8 10. d3 Bb7 {[%emt 0:08:01] LiveBook: 64 Games} 11. Nbd2 Nbd7 12. Nf1 Nc5 13. Bc2 Re8 14. Ng3 Bf8 15. Nf5 d5 16. d4 dxe4 (16... exd4 $15 17. e5 d3 18. Bxd3 Nxd3 19. Qxd3 Ne4) 17. Nxe5 Ncd7 18. Ng4 Nxg4 19. Qxg4 Kh8 20. Bg5 f6 21. Bh6 (21. Bh4 $16) 21... g6 $1 ({Not} 21... gxh6 22. Bb3 Bd5 23. Bxd5 Re6 24. Bxe6 Qe8 25. Qg8#) 22. Bb3 Nb6 $1 23. Bxf8 Rxf8 24. Ne3 Qd6 25. Qe6 Qxe6 26. Bxe6 Rae8 27. Bb3 f5 28. a4 Ra8 29. Nc2 (29. a5 $5 Nd7 30. Nd5 $14) 29... Nd5 30. Bxd5 Bxd5 31. Nb4 Bb7 32. a5 Rad8 33. Rac1 Rf6 34. Red1 Rfd6 35. Re1 R8d7 36. Kf1 (36. f3 $5) 36... Kg7 37. Ke2 g5 38. Red1 Kf6 39. b3 Ke6 40. g3 f4 41. gxf4 gxf4 42. Rg1 c5 $1 43. dxc5 Rd2+ 44. Ke1 e3 45. fxe3 f3 46. Rg8 {[%emt 0:03:06] [#]} (46. Rg4 $17 {was necessary.} Rh2 47. c6 Bxc6 48. Nxc6 Rh1+ 49. Kf2 Rxc1 50. c4) 46... Rh2 $1 47. Rc2 Rxc2 48. Nxc2 {[%emt 0:00:07] [#]} f2+ $1 49. Kxf2 Rd2+ 50. Ke1 Rxc2 51. Rb8 Be4 52. Rb6+ Kd5 53. b4 Kc4 54. Rd6 Kxc3 55. Rd4 Bg6 56. h4 Kb3 $19 57. Kd1 Rc4 58. Rd6 Kxb4 59. Rxa6 Kxc5 60. Re6 Rxh4 61. a6 Ra4 0-1

[Event "USA-ch Girls 2017"]
[Site "Saint Louis"]
[Date "2017.07.09"]
[Round "2"]
[White "Cervantes Landeiro, Thalia"]
[Black "Nguyen, Emily"]
[Result "1/2-1/2"]
[ECO "D11"]
[WhiteElo "2032"]
[BlackElo "2048"]
[Annotator "NA RC"]
[PlyCount "110"]
[EventDate "2017.??.??"]
[EventType "tourn"]
[EventCountry "USA"]
[SourceTitle "playchess.com"]
[Source "ChessBase"]
[SourceQuality "1"]
[TimeControl "40/5400+30:1800+30"]

1. d4 d5 2. c4 c6 3. Nf3 Nf6 4. e3 e6 5. b3 c5 6. Nbd2 cxd4 {[%emt 0:03:51] D30: Queen's Gambit Declined: Systems without Nc3} 7. exd4 Nc6 8. Bb2 Bd6 (8... Be7 9. g3 O-O 10. Bg2 b6 11. O-O Bb7 12. Qe2 Rc8 13. Rfd1 {½-½ (71) Markus,R (2673)-Kollars,D (2503) Zalakaros 2017}) 9. Bd3 (9. c5 $5 Bf4 10. Bd3 $11) 9... O-O {[%emt 0:00:14] LiveBook: 3 Games} 10. O-O Re8 $146 ({Predecessor:} 10... b6 11. Qe2 Bb7 12. Rad1 Ne7 13. Ne5 Ng6 14. f4 {1-0 (40) Brunello,S (2567)-Mihajlov,S (2387) Reykjavik 2016}) 11. Ne5 Bf8 12. Rc1 dxc4 13. Nxc6 bxc6 14. Nxc4 Bb7 15. Ne5 Rc8 16. Qf3 Qd5 17. Qxd5 Nxd5 18. Nd7 Nf4 19. Bc4 c5 20. f3 cxd4 21. Nxf8 Rxf8 22. Bxd4 Rfd8 23. Be3 Nd5 24. Bxd5 exd5 25. Bxa7 Ra8 26. Bb6 Rd6 27. Bc5 Rc6 28. a4 f6 29. Be3 Rac8 30. Rxc6 Rxc6 31. Rc1 Rxc1+ 32. Bxc1 Bc6 (32... d4 $16 {might work better.} 33. Bb2 d3) 33. Kf2 Kf7 {[%emt 0:00:29] [#]} 34. Ke3 $1 Ke6 35. Kd4 Kd7 36. Kc5 Kc7 37. a5 g5 38. b4 Bd7 39. Kxd5 Kb7 40. Kd6 Bc8 41. b5 Bf5 42. a6+ Kb8 43. b6 Bd3 44. a7+ Kb7 {[%emt 0:00:28] [#]} 45. Be3 (45. a8=Q+ $142 $1 Kxa8 46. Kc7 Ba6 {[#]} 47. Bxg5 $1 fxg5 (47... f5 48. g4 f4 49. Bxf4 Bb7 50. g5) 48. g3 h5 49. f4 gxf4 50. gxf4) 45... Bf1 46. g3 Be2 {[%emt 0:02:17] [#]} 47. f4 $2 (47. a8=R $1 {mates} Kxa8 48. Kc7 Bxf3 {[#]} 49. g4 $1 Bg2 50. Bd4 Bd5 51. Bxf6 Be4 52. Bxg5) 47... gxf4 48. gxf4 Bg4 $2 {[%emt 0:04:47] [#]} (48... f5 $18 49. Ke6 Bg4) 49. Ke7 $2 (49. a8=Q+ $1 {mates} Kxa8 50. Kc7 Bf3 51. f5 h5 52. Bd4 h4 53. Bxf6 Bd5 54. Bxh4) 49... f5 50. Kf6 h5 51. Kg5 Ka8 52. Kh4 Bf3 53. Bd4 Kb7 54. Kg3 Be2 55. h3 $18 Bf1 1/2-1/2

[Event "USA-ch Girls 2017"]
[Site "Saint Louis"]
[Date "2017.07.10"]
[Round "3"]
[White "Nguyen, Emily"]
[Black "Bykovtsev, Agata"]
[Result "1-0"]
[ECO "E62"]
[WhiteElo "2048"]
[BlackElo "2045"]
[Annotator "NA RC"]
[PlyCount "163"]
[EventDate "2017.??.??"]
[EventType "tourn"]
[EventCountry "USA"]
[SourceTitle "playchess.com"]
[Source "ChessBase"]
[SourceQuality "1"]
[TimeControl "40/5400+30:1800+30"]

1. d4 Nf6 2. Nf3 g6 3. c4 Bg7 4. g3 d6 5. Bg2 O-O 6. O-O c6 7. Nc3 Qa5 8. e4 e5 9. h3 Nbd7 10. Qc2 exd4 {[%emt 0:03:51] E69: King's Indian: Fianchetto: 6...Nbd7 7 0-0 e5 8 e4 c6 9 h3} (10... b5 11. dxe5 Nxe5 12. Nxe5 dxe5 13. Bd2 Qc7 14. cxb5 cxb5 15. Rac1 Bb7 16. Nxb5 Qxc2 17. Rxc2 Bxe4 18. Bxe4 Nxe4 {½-½ (50) Banusz,T (2620)-Sebenik,M (2534) Nova Gorica 2017}) 11. Nxd4 Re8 12. Be3 Nb6 {[%emt 0:19:51] LiveBook: 9 Games} 13. Nce2 $146 ({Predecessor:} 13. b3 Be6 14. Rab1 Nbd7 15. b4 Qc7 16. Nxe6 Rxe6 {½-½ (42) Sage,F (2395)-Canibal,J (2351) ICCF email 2010}) 13... Qe5 14. f3 Qe7 15. Bf2 d5 16. cxd5 cxd5 17. Nc3 dxe4 18. Rfe1 Bd7 19. Nxe4 Nxe4 20. Rxe4 Qd6 21. Rd1 Rxe4 22. Qxe4 Bc6 23. Qe1 Re8 24. Qf1 Qb4 25. Nxc6 bxc6 26. b3 Qa5 27. a4 Qb4 28. Qd3 Bf6 29. Qc2 Bc3 {[%emt 0:03:30] [#]} 30. Rd3 $1 Nd5 31. f4 ({But not} 31. Bxa7 $6 Be5 $11) 31... Be1 32. Bxa7 Qb7 33. Bc5 Qd7 (33... Nb4 $16 34. Bxb4 Qxb4) 34. Bxd5 (34. Qc4 $18) 34... cxd5 35. Qg2 Qf5 $2 ({Better is} 35... d4 $1 $14) 36. Rd1 $2 ({Worse is} 36. Rxd5 Qb1 $11) (36. Qxd5 $18 Qxh3 37. Re3) 36... Re4 37. Bd4 Qe6 38. Rd3 Bb4 (38... Rxd4 $5 39. Rxd4 Qe3+ 40. Kf1 Qxd4 41. Kxe1 Qe3+ 42. Kf1 Qxb3 $15) 39. Bf2 Be1 40. Rd1 $2 {[%emt 0:00:00] [#]} (40. Qf3 $11 {and White stays safe.}) 40... Bxf2+ $1 41. Qxf2 Qxh3 $2 (41... Re2 $19 42. Qf3 Re3) 42. Rxd5 h5 {[%emt 0:10:10] [#]} (42... Qe6 $11 {remains equal.} 43. Rd8+ Kg7 44. Qb2+ f6) 43. Re5 (43. f5 $1 $16) 43... Rb4 {[%emt 0:01:50] [#]} (43... Rxe5 $11 44. fxe5 Qc8) 44. Re3 (44. f5 $1 $16 Rg4 45. Re3) 44... Qd7 45. Kh2 Rd4 46. a5 (46. f5 $5) 46... Rd5 47. b4 Qd6 48. Re4 Kh7 49. Re5 (49. f5 $5) 49... Rd2 (49... Rd1 $11) 50. Re2 Rd1 51. Qc5 Qd3 52. Qe7 (52. Qe3 $5 Qc4 53. Qe4 $16) 52... Qd5 (52... Qc4 $11) 53. Qe4 Qb3 (53... Qd7 $14) 54. f5 Rd7 $2 (54... g5 {might work better.} 55. f6+ Kh6) 55. fxg6+ fxg6 56. a6 Qa4 (56... Qc3 $142 57. b5 Qb3) 57. Qc4 (57. Qe8 $142 Qd1 58. Re7+ Rxe7 59. Qxe7+ Kh6 60. Qf8+ Kh7 61. Qf7+ Kh6 62. a7 Qc2+ 63. Kg1) 57... Ra7 58. Ra2 Qd7 59. b5 Rc7 60. Qxc7 (60. Qf4 $142 g5 61. Qe4+ Kh6 62. b6) 60... Qxc7 61. a7 h4 {[%emt 0:00:04] [#]} 62. a8=Q $1 Qxg3+ 63. Kh1 Qe1+ 64. Kg2 Qg3+ 65. Kf1 Qd3+ (65... Qf4+ 66. Rf2 Qc4+ 67. Kg2 Qg4+ 68. Kh1 Qd1+ 69. Kh2 Qd6+ 70. Kg1 Qd1+ 71. Rf1 Qb3) 66. Kf2 $2 ({White has to play} 66. Re2 $18 Qxb5 67. Qf3) 66... Qd4+ $2 67. Ke2 Qc4+ 68. Ke3 Qe6+ 69. Kd4 Qd6+ 70. Qd5 Qb4+ 71. Kd3 Qb1+ 72. Kd2 (72. Ke2 $142 Qg1 73. Qf7+ Kh6 74. Qf4+ Kh7 75. Qxh4+ Kg7 76. Qe7+ Kh6 77. Qe3+ Qg5 78. b6) 72... Qb4+ 73. Kc2 Qe7 74. Ra8 Qe2+ 75. Kb3 Qe3+ 76. Ka4 h3 77. Qd7+ Kh6 {[%emt 0:00:02] [#]} 78. Rh8+ $18 (78. Qxh3+ $142 $1 Qxh3 79. Rh8+ Kg5 80. Rxh3 Kf4 81. b6 g5 82. b7 Kg4 83. Rc3) 78... Kg5 79. Rxh3 Qc5 80. Rg3+ Kh6 81. Qd2+ Kg7 82. Qc3+ 1-0

[Event "USA-ch Girls 2017"]
[Site "Saint Louis"]
[Date "2017.07.10"]
[Round "3"]
[White "Wang, Annie"]
[Black "Cervantes Landeiro, Thalia"]
[Result "1/2-1/2"]
[ECO "D86"]
[WhiteElo "2023"]
[BlackElo "2032"]
[Annotator "NA RC"]
[PlyCount "97"]
[EventDate "2017.??.??"]
[EventType "tourn"]
[EventCountry "USA"]
[SourceTitle "playchess.com"]
[Source "ChessBase"]
[SourceQuality "1"]
[TimeControl "40/5400+30:1800+30"]

1. d4 Nf6 2. c4 g6 3. Nc3 d5 4. cxd5 Nxd5 5. e4 Nxc3 6. bxc3 Bg7 7. Bc4 c5 8. Ne2 O-O 9. O-O Nc6 10. Be3 Qc7 11. Rc1 Rd8 12. Bf4 Qd7 13. d5 {[%emt 0:00:32] D87: Exchange Grünfeld: Classical Line: Variations without ...cxd4} (13. dxc5 Qe8 14. Bd5 Ne5 15. Nd4 e6 16. Bb3 Qe7 17. Be3 b6 18. cxb6 Ba6 19. c4 Qb7 20. Qe2 axb6 21. Nb5 {½-½ (40) Grischuk,A (2746)-Nepomniachtchi,I (2711) Moscow 2011}) 13... Na5 14. Bd3 {[%emt 0:00:13] LiveBook: 111 Games} c4 15. Bc2 b5 16. Rb1 a6 17. Qc1 Nb7 18. Rd1 {[%emt 0:08:19] [#]} Nc5 $146 ({Predecessor:} 18... Qe8 19. Bh6 e6 20. Bxg7 Kxg7 21. Ng3 Qe7 22. a4 exd5 23. exd5 {0-1 (61) Echeguren,G (2566)-Hjort,B (2510) ICCF corr 1999}) 19. Qa3 Nd3 $1 20. Bxd3 cxd3 21. Rxd3 Bb7 22. Rbd1 Rac8 23. Be3 Rc4 24. Bd4 Bf8 25. Qb2 f5 26. f3 fxe4 27. fxe4 e5 28. Bb6 ({But not} 28. Bxe5 Rxe4 29. Bg3 Qg4 $15) 28... Rdc8 29. Ng3 $1 b4 30. cxb4 Rxb4 {[%emt 0:03:33] [#]} 31. Rb3 $1 Rcc4 (31... Qb5 $16 32. Rxb4 Bxb4) 32. Bf2 (32. d6 $18 Qb5 33. Qf2) 32... Bd6 33. Rxb4 Rxb4 34. Qe2 h5 35. Nf1 Qb5 (35... Qc7 $16 36. Qe3 Kg7) 36. Qf3 Kg7 37. Bh4 Qd7 38. Kh1 $2 ({Much less strong is} 38. a3 $6 Ra4 $16) (38. Qf6+ $18 Kh7 39. Nd2 Bc5+ 40. Bf2) 38... Bc8 $2 (38... Qf7 $16 {keeps fighting.}) 39. Rc1 Bb7 (39... Kh7 $142 40. Nd2 Rb7) 40. Ng3 $2 (40. Qf6+ $18 Kh7 41. Nd2 Bxd5 42. Nf3) 40... Qf7 41. Qxf7+ (41. Bd8 $16) 41... Kxf7 42. Rf1+ Kg7 43. Bf6+ Kg8 44. h3 a5 45. Kh2 a4 46. Bg5 Kg7 47. Bf6+ Kg8 48. Bg5 Kg7 $11 49. Bf6+ 1/2-1/2

[Event "USA-ch Girls 2017"]
[Site "Saint Louis"]
[Date "2017.07.11"]
[Round "4"]
[White "Nguyen, Emily"]
[Black "Wang, Annie"]
[Result "1-0"]
[ECO "D37"]
[WhiteElo "2048"]
[BlackElo "2023"]
[Annotator "NA RC"]
[PlyCount "89"]
[EventDate "2017.??.??"]
[EventType "tourn"]
[EventCountry "USA"]
[SourceTitle "playchess.com"]
[Source "ChessBase"]
[SourceQuality "1"]
[TimeControl "40/5400+30:1800+30"]

1. d4 Nf6 2. Nf3 e6 3. c4 d5 4. Nc3 Be7 5. cxd5 exd5 6. Bg5 c6 7. Qc2 O-O 8. e3 Nbd7 9. Bd3 h6 10. Bh4 Re8 11. O-O Ne4 12. Bxe7 Qxe7 {[%emt 0:00:10] LiveBook: 107 Games} 13. Rab1 Ndf6 14. Ne5 {[%emt 0:04:23] D36: Queen's Gambit Declined: Exchange Variation: Main line (5 Bg5 c6 6 Qc2)} (14. b4 Bf5 15. Nd2 Nxc3 16. Qxc3 Bxd3 17. Qxd3 a6 18. a4 Rec8 19. Rfc1 Ne8 20. b5 cxb5 21. Rxc8 Rxc8 22. axb5 {½-½ (64) Nguyen,T (2347)-Zhou,J (2619) Ho Chi Minh City 2017}) 14... Ng4 15. Nxg4 Bxg4 16. b4 Rac8 $146 ({Predecessor:} 16... Ng5 17. Bf5 Bxf5 18. Qxf5 Rad8 19. Rfc1 Rd6 20. b5 Rf6 21. Qd3 Rg6 {0-1 (35) Buechle,R (1977)-Nagel,V (2007) Germany 2012}) 17. Rfc1 Bd7 18. Qb2 Qg5 19. b5 c5 20. dxc5 Nxc5 21. Bf1 Bf5 22. Ra1 Red8 23. Rd1 Qf6 24. Qb4 Ne4 25. Nxe4 dxe4 26. Qa4 Bg6 27. Rxd8+ Rxd8 28. Rd1 Rxd1 29. Qxd1 Bf5 (29... Kh7 $14) 30. Qd5 Qe6 (30... Bc8 $16) 31. Qxb7 Qxa2 $2 {[%emt 0:00:20] [#]} (31... Qb6 32. Qd5 g6) 32. Qa8+ $1 Kh7 {[%emt 0:00:31] [#]} 33. b6 $1 Be6 34. b7 Bd5 35. b8=Q Bxa8 36. Qxa8 Qa4 37. Qd5 Qe8 38. Bb5 Qe7 39. Bc6 g6 40. Qxe4 Qc5 41. g3 a5 42. Kg2 Qa7 43. Qd4 $18 Qe7 44. Qd5 Qa7 45. Qd7 1-0

[Event "USA-ch Girls 2017"]
[Site "Saint Louis"]
[Date "2017.07.11"]
[Round "4"]
[White "Bykovtsev, Agata"]
[Black "Ulrich, Rachel J"]
[Result "1-0"]
[ECO "B90"]
[WhiteElo "2045"]
[BlackElo "2049"]
[Annotator "NA RC"]
[PlyCount "57"]
[EventDate "2017.??.??"]
[EventType "tourn"]
[EventCountry "USA"]
[SourceTitle "playchess.com"]
[Source "ChessBase"]
[SourceQuality "1"]
[TimeControl "40/5400+30:1800+30"]

1. e4 c5 2. Nf3 d6 3. Nc3 Nf6 4. d4 cxd4 5. Nxd4 a6 6. Bc4 e6 7. O-O b5 8. Bb3 Be7 9. Qf3 Qb6 10. Be3 Qb7 11. Qg3 O-O 12. Bh6 Ne8 13. Rfe1 Bf6 {[%emt 0:01:26] B87: Sicilian Scheveningen/Najdorf: 6 Bc4, with early ...b5} (13... Bd7 14. Rad1 Nc6 15. Nd5 Bd8 16. Nf5 exf5 17. exf5 Ne5 18. Rxe5 dxe5 19. f6 g6 20. Ne7+ {1-0 (20) Rublevsky,S (2678)-Zude,E (2409) Aix les Bains 2011}) 14. Be3 Bd7 15. f3 $146 ({Predecessor:} 15. Rad1 Nc6 16. f3 Rc8 17. Nxc6 Bxc6 18. Bg5 a5 19. Bxf6 Nxf6 20. a4 bxa4 21. Nxa4 {0-1 (51) Kriebel,T (2363)-Gabuzyan,H (2532) Al Ain 2013}) 15... a5 16. a4 bxa4 17. Nxa4 Na6 18. Nb6 (18. Red1 $11 {remains equal.}) 18... Qxb6 19. Nxe6 Nc5 20. Nxf8 Kxf8 21. f4 (21. Qf2 $17 {might work better.}) 21... Qc7 ({Don't play} 21... Bxb2 22. Rab1 $17) (21... Qd8 $19 22. Bxc5 dxc5) 22. Bd5 Rb8 23. e5 dxe5 ({Better is} 23... Be7 $15 24. Qf3 Kg8) 24. fxe5 Bxe5 $2 {[%emt 0:00:08] [#]} (24... Be7 $1 $11 {and Black stays safe.}) 25. Qxe5 $1 Qxe5 (25... Ne6 {was necessary.}) 26. Bxc5+ Qd6 {[%emt 0:00:07] [#]} 27. Rxe8+ $1 Kxe8 28. Bxd6 Rxb2 29. Bb3 $18 1-0

[Event "USA-ch Girls 2017"]
[Site "Saint Louis"]
[Date "2017.07.12"]
[Round "5"]
[White "Wang, Annie"]
[Black "Bykovtsev, Agata"]
[Result "1-0"]
[ECO "E61"]
[WhiteElo "2023"]
[BlackElo "2045"]
[Annotator "NA RC"]
[PlyCount "115"]
[EventDate "2017.??.??"]
[EventType "tourn"]
[EventCountry "USA"]
[SourceTitle "playchess.com"]
[Source "ChessBase"]
[SourceQuality "1"]
[TimeControl "40/5400+30:1800+30"]

1. d4 Nf6 2. c4 g6 3. Nc3 Bg7 4. Nf3 d6 5. Bg5 h6 6. Bh4 g5 7. Bg3 Nh5 8. e3 {[%emt 0:00:13] LiveBook: 222 Games} e6 9. Be2 Qe7 {[%emt 0:00:32] E61: King's Indian: Early deviations for White, including Smyslov System} 10. Qc2 Nd7 (10... Nc6 11. Nd2 Nxg3 12. hxg3 Bd7 13. O-O-O O-O-O 14. Kb1 Kb8 15. Nb3 f5 16. a3 Rdf8 {½-½ (34) Moiseenko,A (2646)-Cheparinov,I (2670) Kemer 2007}) 11. O-O-O Ndf6 12. Nd2 (12. Ne1 c6 13. e4 Nxg3 14. hxg3 e5 15. d5 cxd5 16. cxd5 O-O 17. Qd2 {0-1 (54) Wang,A (2061)-Bykovtsev,A (2158) Manchester 2016}) 12... Nxg3 13. hxg3 O-O $146 ({Predecessor:} 13... Bd7 14. Bf3 c6 15. Nde4 Nxe4 16. Nxe4 f5 17. Bh5+ {0-1 (54) Inkiov,V (2476)-Spirin,O (2491) Creon 2011}) 14. Kb1 Ne8 (14... e5 $14) 15. g4 f5 16. gxf5 exf5 17. Bd3 c6 18. Nf1 Be6 19. Ng3 Qf7 20. Qe2 (20. d5 $142 cxd5 21. Nxd5) 20... d5 21. cxd5 cxd5 22. Bc2 Nd6 23. Rdf1 Ne4 24. Ngxe4 dxe4 25. Rc1 a6 26. f3 exf3 27. gxf3 b5 28. d5 Bd7 29. Bb3 Rfe8 (29... Rad8 $11) 30. Qd2 ({White should try} 30. Rhd1 $16) 30... Rad8 31. Ka1 Kh7 32. e4 Qf6 33. Nd1 $2 (33. exf5 $11 {and White stays safe.} Bxf5 34. Rcg1) 33... fxe4 34. fxe4 Kh8 (34... Rxe4 $19 35. Bc2 Bf5 36. Bxe4 Bxe4) 35. Nf2 {[%emt 0:01:17] [#]} (35. Bc2 $15) 35... a5 $1 36. Rcf1 {[%emt 0:01:44] [#]} Qg6 $2 (36... Rf8 $1 $17 37. Kb1 a4) 37. Qxa5 Ra8 (37... Rf8 $11 {keeps the balance.}) 38. Qd2 Ra6 {[%emt 0:00:39] [#]} ({Black should play} 38... g4 $14) 39. Nd3 $1 Rea8 (39... Rf6 $142 40. Rfg1 Bc8) 40. Nc5 R6a7 $2 (40... Rd6 {might work better.} 41. Bd1 Be5) 41. Re1 $2 (41. d6) 41... Be8 $2 (41... Qb6) 42. Ne6 Kg8 43. Rhf1 Bf7 44. Nxg7 Kxg7 45. Qd4+ Kg8 46. Rf6 Qg7 47. Ref1 Ra6 48. Rxa6 Qxd4 49. Rxa8+ Kg7 50. Rc8 Qd3 51. Rd1 Qf3 52. e5 g4 53. Rc7 Kg6 54. e6 Bxe6 55. dxe6 Qe2 56. Rcc1 Qe5 57. Re1 Qb8 58. e7 1-0

[Event "USA-ch Girls 2017"]
[Site "Saint Louis"]
[Date "2017.07.14"]
[Round "6"]
[White "Eswaran, Ashritha"]
[Black "Ulrich, Rachel J"]
[Result "1-0"]
[ECO "B90"]
[WhiteElo "2086"]
[BlackElo "2049"]
[Annotator "NA RC"]
[PlyCount "91"]
[EventDate "2017.??.??"]
[EventType "tourn"]
[EventCountry "USA"]
[SourceTitle "playchess.com"]
[Source "ChessBase"]
[SourceQuality "1"]
[TimeControl "40/5400+30:1800+30"]

1. e4 c5 2. Nf3 d6 3. d4 cxd4 4. Nxd4 Nf6 5. Nc3 a6 6. Nb3 e6 {[%emt 0:02:03] B90: Sicilian Najdorf: Unusual White 6th moves, 6 Be3 Ng4 and 6 Be3 e5} (6... Nc6 7. Be3 e6 8. g4 h6 9. h4 b5 10. Bg2 Ne5 11. g5 Nfd7 12. f4 Nc4 13. Qe2 Nxb2 14. e5 Rb8 {1-0 (39) Vitiugov,N (2724)-Artemiev,V (2655) Moscow 2017}) 7. g4 h6 8. Bg2 Nbd7 9. Be3 $146 ({Predecessor:} 9. h4 Ne5 10. g5 hxg5 11. hxg5 Rxh1+ 12. Bxh1 Nfg4 13. f3 Qb6 14. Qd4 {1-0 (23) Lintner,I (2234)-Hrebicik,D (1793) Liptovsky Mikulas 2017}) 9... Qc7 10. Qe2 Ne5 11. h3 Nc4 12. O-O-O Be7 13. f4 Nxe3 14. Qxe3 Bd7 15. Kb1 O-O-O 16. Qa7 ({White should play} 16. e5 $16) 16... Bc6 17. Nd4 Nd7 18. Nxc6 (18. f5 $14) 18... Qxc6 19. Qf2 Kb8 20. h4 Rc8 21. g5 b5 22. Qd2 Nb6 23. Qd4 Rhg8 24. Rc1 Nc4 25. Rh3 b4 26. Ne2 e5 27. Qd3 Bd8 (27... Qc5 $15 28. Qd1 Qf2) 28. Rg3 Bb6 29. Bh3 Rcd8 30. c3 Qxe4 31. cxb4 (31. Bf5 $1 $11 Qxd3+ 32. Bxd3 exf4 33. Nxf4) 31... Qxd3+ 32. Rxd3 e4 33. Rdc3 d5 34. a4 hxg5 35. hxg5 Be3 36. Rd1 Rh8 37. Bg4 Rh4 $2 {[%emt 0:04:35] [#]} (37... Nd2+ $17 {keeps the pressure on.} 38. Kc2 d4 39. Nxd4 Bxd4 40. Rxd2 e3) 38. Rxc4 $1 Rxg4 39. Rxe4 dxe4 40. Rxd8+ Kc7 41. Rf8 Kd6 42. Rxf7 Ke6 (42... Rg2 $16 43. Nc3 Bd4) 43. Rf8 Bd2 $2 (43... Rg2 {was called for.}) 44. Re8+ Kf5 $18 45. Re5+ Kg6 46. Rxe4 1-0